 Dungeon Crawl Stone Soup version 0.31.0-12-g77e489cdc1 (webtiles) character file.

Game seed: 14884689223174018715

3374 MasterT the Basher (level 9, -2/78 HPs)
             Began as a Minotaur Fighter on Feb 12, 2024.
             Slain by an eight-headed hydra (9 damage)
             ... on level 8 of the Dungeon on Feb 13, 2024.
             The game lasted 00:17:23 (6943 turns).

MasterT the Basher (Minotaur Fighter)               Turns: 6943, Time: 00:17:24

Health: -2/78      AC:  9    Str: 25    XL:     9   Next: 74%
Magic:  8/8        EV: 10    Int:  5    God:
Gold:   357        SH: 10    Dex: 10    Spells: 8/8 levels left

rFire   . . .        y - +4 flail
rCold   . . .        i - +0 kite shield
rNeg    . . .        b - +0 scale mail
rPois   +            (helmet restricted)
rElec   .            p - +0 cloak
rCorr   .            (no gloves)
SInv    .            (no boots)
Will    .....        (no amulet) Stlth
                     m - ring of poison resistance
HPRegen 0.33/turn    (no ring)
MPRegen 0.11/turn

%: no passive effects
@: no status effects
A: horns 2, retaliatory headbutt
a: no special abilities


You were on level 8 of the Dungeon.
You visited 1 branch of the dungeon, and saw 8 of its levels.

You collected 357 gold pieces.

Inventory:

Hand Weapons
 a - a +0 long sword
 o - a +2 flail of protection
 y - a +4 flail (weapon)
Armour
 b - a +0 scale mail (worn)
 c - a +0 buckler
 i - a +0 kite shield (worn)
 p - a +0 cloak (worn)
Jewellery
 h - a ring of magical power
 j - a ring of ice
 m - a ring of poison resistance (left hand)
 A - a ring of flight
Wands
 s - a wand of iceblast (12)
 t - a wand of flame (18)
 u - a wand of digging (6)
 v - a wand of paralysis (15)
Scrolls
 w - a scroll of teleportation
 x - a scroll of vulnerability
Potions
 d - 2 potions of might
 e - 2 potions of heal wounds
 f - 2 potions of cancellation
 g - a potion of mutation
 k - 4 potions of enlightenment
 l - 2 potions of brilliance
 n - 3 potions of invisibility
 q - a potion of resistance {unknown}
 r - 3 potions of curing


   Skills:
 + Level 6.7 Fighting
 + Level 4.5 Long Blades
 + Level 9.0 Maces & Flails
 + Level 8.2 Armour
 + Level 4.0 Dodging
 + Level 1.3 Stealth
 + Level 8.6 Shields
 + Level 0.9 Evocations


You had 8 spell levels left.
You didn't know any spells.
Your spell library contained the following spells:

 Spells                   Type           Power      Damage    Failure   Level
 Freeze                   Ice            0%         1d3       90%         1
 Kiss of Death            Conj/Necr      0%         2d5       90%         1
 Slow                     Hex            0%         N/A       90%         1
 Sting                    Conj/Alch      0%         1d3       90%         1
 Summon Small Mammal      Summ           0%         N/A       90%         1
 Mercury Vapours          Alch/Air       0%         N/A       97%         2
 Call Canine Familiar     Summ           0%         N/A       99%         3
 Confusing Touch          Hex            0%         N/A       99%         3
 Frozen Ramparts          Ice            0%         1d1       99%         3
 Hailstorm                Conj/Ice       0%         3d5       99%         3
 Ozocubu's Armour         Ice            0%         N/A       99%         3
 Sigil of Binding         Hex            0%         N/A       99%         3
 Vampiric Draining        Necr           0%         2d6       99%         3
 Dispel Undead            Necr           0%         3d6       100%        4
 Olgreb's Toxic Radiance  Alch           0%         N/A       100%        4
 Summon Blazeheart Golem  Fire/Summ      0%         N/A       100%        4
 Vhi's Electric Charge    Tloc/Air       0%         N/A       100%        4
 Arcjolt                  Conj/Air       0%         1d10      100%        5
 Metabolic Englaciation   Hex/Ice        0%         N/A       100%        5
 Plasma Beam              Fire/Air       0%         2x1d10    100%        6
 Sculpt Simulacrum        Ice/Alch       0%         N/A       100%        6


Dungeon Overview and Level Annotations

Branches:
Dungeon (8/15)             Temple (0/1) D:7
   Lair: D:8-11

Altars:
Cheibriados
Dithmenos
Qazlal
Wu Jian
Xom

Shops:
D:3 =

Annotations:
D:5 1 transporter, Aiviq's ghost, amateur HuMo


Innate Abilities, Weirdness & Mutations

You have a pair of horns on your head.
You reflexively headbutt those who attack you in melee.


Message History

Press: ? - help, Q - select action, (/) - cycle Shift-Dir - straight line, f - eight-headed hydra
Aim: an eight-headed hydra (89% to hit)
The puff of flame hits the eight-headed hydra!
The eight-headed hydra is lightly wounded.
The eight-headed hydra bites you.
The eight-headed hydra barely misses you.
You block the eight-headed hydra's attack. x2
The eight-headed hydra barely misses you.
The eight-headed hydra bites you but does no damage.
The eight-headed hydra bites you.
* * * LOW HITPOINT WARNING * * *
The eight-headed hydra bites you.
* * * LOW HITPOINT WARNING * * *
Aiming: Throw Flame
Press: ? - help, Q - select action, (/) - cycle Shift-Dir - straight line, f/p - eight-headed hydra
Aim: an eight-headed hydra (lightly wounded, 89% to hit)
The puff of flame hits the eight-headed hydra!
The eight-headed hydra is moderately wounded.
The eight-headed hydra barely misses you.
You furiously retaliate!
You headbutt the eight-headed hydra!
The eight-headed hydra bites you but does no damage.
The eight-headed hydra closely misses you.
The eight-headed hydra barely misses you.
The eight-headed hydra bites you but does no damage.
The eight-headed hydra bites you.
* * * LOW HITPOINT WARNING * * *
You block the eight-headed hydra's attack.
The eight-headed hydra bites you but does no damage.
Unknown command.
Unknown command.
Unknown command.
Unknown command.
Unknown command.
You barely miss the eight-headed hydra. You headbutt the eight-headed hydra!
The eight-headed hydra is heavily wounded.
The eight-headed hydra closely misses you.
The eight-headed hydra bites you!
* * * LOW HITPOINT WARNING * * *
The eight-headed hydra bites you!
You die...

..# ### ......
#####+#.....
......+.....
......#.....## #####
......#......####P..P###
......#..P....#.#......#
......#.##P.....♣P~~....
##.##'#.##.(....@D~~.♣
####....#.....#.....P#
)..#....#....####P..[#
)).'....+.......######
)..#....#+#####.....#
)..#..........####'##
...#..........#.....##
...#####......'......#
...# #......#......+


You could see an eight-headed hydra.

Vanquished Creatures
  Pikel (D:4)
  A troll (D:8)
  Prince Ribbit (D:7)
  A steam dragon (D:7)
  Menkaure (D:7)
  2 ice beasts
  An orc warrior (D:7)
  An ogre (D:4)
  A centaur (D:7)
  3 lemures (D:4)
  2 kobold brigands
  A gnoll sergeant (D:8)
  A bullfrog (D:6)
  2 scorpions (D:6)
  8 wights (D:7)
  A bombardier beetle (D:4)
  3 howler monkeys (D:7)
  A jelly (D:6)
  5 hounds
  A gnoll bouda (D:7)
  2 sleepcaps
  Jessica (D:2)
  7 iguanas
  3 orc wizards
  8 adders
  7 gnolls
  A shadow imp (D:5)
  A white imp (D:6)
  4 ufetubi
  A ribbon worm (D:3)
  6 dart slugs
  25 orcs
  11 ball pythons
  10 endoplasms
  7 giant cockroaches
  15 goblins
  10 hobgoblins
  18 kobolds
  4 quokkas
  4 bats
  A frilled lizard (D:1)
  3 rats (D:1)
187 creatures vanquished.

Notes
Turn   | Place    | Note
-------+----------+-------------------------------------------
     0 | D:1      | MasterT the Minotaur Fighter began the quest for the Orb.
     0 | D:1      | Reached XP level 1. HP: 19/19 MP: 0/0
   144 | D:1      | Reached XP level 2. HP: 27/27 MP: 1/1
   696 | D:1      | Reached XP level 3. HP: 33/33 MP: 2/2
   783 | D:1      | You fall into a shaft and drop 1 floor!
   808 | D:2      | Noticed Jessica
   814 | D:2      | Killed Jessica
   942 | D:2      | Reached XP level 4. HP: 33/40 MP: 3/3
  1109 | D:3      | Found Ziloy's Jewellery Shop.
  1340 | D:3      | Reached XP level 5. HP: 24/46 MP: 4/4
  1957 | D:4      | Reached skill level 1 in Dodging
  2163 | D:4      | Noticed a lemure
  2163 | D:4      | Noticed a lemure
  2163 | D:4      | Noticed a lemure
  2163 | D:4      | Noticed a lemure
  2182 | D:4      | Killed a lemure
  2192 | D:4      | Noticed Pikel
  2193 | D:4      | Killed a lemure
  2199 | D:4      | Killed a lemure
  2222 | D:4      | Killed Pikel
  2223 | D:4      | Reached skill level 3 in Maces & Flails
  2223 | D:4      | Reached skill level 5 in Armour
  2223 | D:4      | Reached skill level 5 in Shields
  2223 | D:4      | Reached XP level 6. HP: 21/53 MP: 5/5
  2223 | D:4      | Reached XP level 7. HP: 23/60 MP: 6/6
  2553 | D:4      | Found a shimmering altar of Xom.
  2554 | D:4      | Found an ornate altar of the Wu Jian Council.
  2615 | D:4      | Reached skill level 4 in Maces & Flails
  3134 | D:5      | Entered Level 5 of the Dungeon
  3232 | D:5      | Found a stormy altar of Qazlal.
  3281 | D:5      | Reached skill level 5 in Maces & Flails
  3285 | D:5      | Reached XP level 8. HP: 54/67 MP: 7/7
  3564 | D:5      | Reached skill level 5 in Fighting
  3981 | D:5      | Found a snail-covered altar of Cheibriados.
  4036 | D:5      | Found a transporter.
  4040 | D:5      | Noticed Aiviq's ghost (amateur HuMo)
  4042 | D:5      | Identified the +6 dire flail of Famine {drain, *Corrode
                  | rElec Str+6 Int-2}
  4460 | D:6      | Reached skill level 6 in Maces & Flails
  5140 | D:7      | Reached skill level 7 in Maces & Flails
  5202 | D:7      | Reached skill level 1 in Stealth
  5366 | D:7      | Reached XP level 9. HP: 75/75 MP: 8/8
  5498 | D:7      | Found a shadowy altar of Dithmenos.
  5587 | D:7      | Noticed Prince Ribbit
  5614 | D:7      | Killed Prince Ribbit
  5615 | D:7      | Reached skill level 8 in Maces & Flails
  5764 | D:7      | Noticed Menkaure
  5774 | D:7      | Killed Menkaure
  6336 | D:7      | Found a staircase to the Ecumenical Temple.
  6907 | D:8      | Identified the +4 sling of the Vestibule of Hell {freeze,
                  | rC- rN++ Int+9 Dex-2}
  6928 | D:8      | Noticed a troll
  6928 | D:8      | Found the +1 robe of Vines {NoPotionHeal Regen++++}
  6937 | D:8      | Killed a troll
  6938 | D:8      | Reached skill level 9 in Maces & Flails
  6938 | D:8      | Noticed an eight-headed hydra
  6943 | D:8      | Slain by an eight-headed hydra

Illustrated notes

Levels and vault maps discovered:
D:1:      dpeg_arrival_rooms_c, layout_loops_corners
D:2:      layout_basic, uniq_jessica
D:3:      corexii_shack_village, layout_loops_cross, serial_shops,
          nicolae_shop_gaudy_bauble, serial_forest, infiniplex_forest_pool,
          infiniplex_forest_lined_room_, infiniplex_forest_lined_3,
          infiniplex_forest_lined_3_way, infiniplex_forest_lined_2
D:4:      layout_basic, gammafunk_temple_overflow_wave, minmay_joined_circles,
          uniq_pikel
D:5:      layout_gridville, old_standard_altar, mainiacjoe_overflow_chevrons,
          gammafunk_ghost_smash, grunt_ministairs_7
D:6:      layout_loops_ring
D:7:      layout_loops_corners, mainiacjoe_overflow_alcove_4,
          minmay_temple_entry_large_hall, uniq_prince_ribbit1, uniq_menkaure
D:8:      layout_gridville, worldfamousw_hep_ancestral_shrine,
          hellmonk_guarded_unrand_vines

Skill      XL: |  1  2  3  4  5  6  7  8  9 |
---------------+----------------------------+-----
Armour         | 4 5 6 7 8 |  8.2
Long Blades    | 3 4 |  4.5
Shields        | 4 5 6 7 8 |  8.6
Fighting       | 4 5 6 |  6.7
Dodging        | 2 3 4 |  4.0
Maces & Flails | 3 5 7 9 |  9.0
Stealth        | 1 |  1.3
Evocations     | |  0.9

Action                     |  1- 3 |  4- 6 |  7- 9 || total
---------------------------+-------+-------+-------++-------
  Melee: Long sword        |    78 |   169 |       ||   247
         Headbutt          |    11 |    43 |    44 ||    98
         Flail             |       |    52 |   299 ||   351
  Evoke: Wand              |       |       |    18 ||    18
    Use: Scroll            |       |     3 |    11 ||    14
         Potion            |       |     1 |     1 ||     2
 Armour: Scale mail        |    71 |    83 |   266 ||   420
  Dodge: Dodged            |    38 |    61 |   146 ||   245
  Block: Buckler           |    12 |       |       ||    12
         Kite shield       |     7 |    91 |   199 ||   297
